 Dungeon Crawl Stone Soup version 0.18-a0-1804-g0930707 (webtiles) character file.

123 Laan the Conjurer (level 4, 0/24 HPs)
             Began as a Deep Elf Wizard on Apr 25, 2016.
             Slain by an orc
             ... wielding a +0 club
              (4 damage)
             ... on level 3 of the Dungeon.
             The game lasted 00:04:08 (2368 turns).

Laan the Conjurer (Deep Elf Wizard)                 Turns: 2368, Time: 00:04:09

Health: 0/24       AC:  3    Str:  4    XL:     4   Next: 80%
Magic:  5/12       EV: 12    Int: 29    God:
Gold:   133        SH:  0    Dex: 13    Spells: 2 memorised, 7 levels left

rFire  . . .     SeeInvis .     i - +1 dagger (venom)
rCold  . . .     Gourm    .     a - +0 robe
rNeg   + . .     Faith    .     (no shield)
rPois  .         Spirit   .     b - +0 hat
rElec  .         Dismiss  .     (no cloak)
rCorr  .         Reflect  .     A - +0 pair of gloves
SustAt .         Harm     .     (no boots)
MR     .....                    (no amulet)
Stlth  ++........               y - ring of positive energy
                                g - ring of flight

@: brilliant, not resistant to hostile enchantments, unstealthy
A: no striking features
a: Evoke Flight


You were on level 3 of the Dungeon.
You were not hungry.

You visited 1 branch of the dungeon, and saw 4 of its levels.

You collected 133 gold pieces.

Inventory:

Hand Weapons
 i - a +1 dagger of venom (weapon)
Armour
 a - a +0 robe (worn)
 b - a +0 hat (worn)
 w - a +0 buckler
 A - a +0 pair of gloves (worn)
Jewellery
 g - a ring of flight (left hand)
 y - a ring of positive energy (right hand)
Scrolls
 e - a scroll of fear {unknown}
 k - 2 scrolls of recharging
 l - 3 scrolls of amnesia {unknown}
 m - a scroll of enchant weapon {unknown}
 n - a scroll of enchant armour {unknown}
 p - 2 scrolls of teleportation {unknown}
 r - 3 scrolls of identify {unknown}
 t - a scroll of immolation {unknown}
Potions
 h - a potion of cancellation {unknown}
 j - a potion of brilliance
 o - a potion of might {unknown}
 q - 2 potions of berserk rage {unknown}
 u - a potion of heal wounds {unknown}
 v - a potion of lignification {unknown}
 x - a potion of curing {unknown}
Books
 c - a book of Minor Magic

   Spells                             Type                      Level
   a - Magic Dart                     Conjuration                  1
   b - Blink                          Translocation                2
   c - Call Imp                       Summoning                    2
   d - Repel Missiles                 Charms/Air                   2
   e - Slow                           Hexes                        2
   f - Conjure Flame                  Conjuration/Fire             3
   g - Mephitic Cloud                 Conjuration/Poison/Air       3
Comestibles
 d - 3 bread rations
 f - a slice of pizza
 s - 3 meat rations


   Skills:
 - Level 2.4 Dodging
 - Level 2.4 Stealth
 - Level 4.4 Spellcasting
 + Level 5.2 Conjurations
   Level 1.1 Summonings
   Level 1.1 Translocations


You had 7 spell levels left.
You knew the following spells:

 Your Spells              Type           Power        Failure   Level  Hunger
a - Magic Dart            Conj           ####         1%          1    None
b - Mephitic Cloud        Conj/Pois/Air  ####....     1%          3    ##.....


Dungeon Overview and Level Annotations

Branches:
Dungeon (4/15)
 Temple: D:4-7

Altars:
Nemelex Xobeh
Pakellas
Ru
Xom


Message History

The magic dart hits the orc.
The orc barely misses you.
Casting: Magic Dart
Confirm with . or Enter, or press ? or * to list all spells.
Aiming: Magic Dart
Press: ? - help, Shift-Dir - straight line, f/p - orc
Aim: an orc, wielding a club and wearing a scale mail The magic dart hits the orc.
The orc is severely wounded.
The orc hits you with a club.
* * * LOW HITPOINT WARNING * * *
The orc hits you with a club.
* * * LOW HITPOINT WARNING * * *
The orc wizard barely misses you.
You climb upwards.
There is a stone staircase leading down here.
Drink which item? (? for menu, Esc to quit)
It was a potion of brilliance.
You feel clever all of a sudden. The orc hits you with a club.
You die...

##### #...# ###...#
#.+...#####################
#.#)..'...................#
#.#...###################..
#.'...'..o@o...............
###)..####.##############.#
#...# #.# #.# ##### #.# #..
#.# ### #########'#### #
#............#
#............# ##########
#............# #........#


You could see an orc wizard and an orc.

Vanquished Creatures
  An iguana (D:4)
  Ijyb (D:3)
  3 adders
  A giant gecko (D:2)
  An orc (D:3)
  4 giant cockroaches
  4 goblins
  5 hobgoblins
  3 jackals (D:1)
  5 kobolds
  A quokka (D:3)
  A ball python (D:1)
  4 bats
  A giant newt (D:1)
  7 rats
42 creatures vanquished.

Notes
Turn   | Place    | Note
--------------------------------------------------------------
     0 | D:1      | Laan the Deep Elf Wizard began the quest for the Orb.
     0 | D:1      | Reached XP level 1. HP: 10/10 MP: 7/7
    17 | D:1      | Reached skill level 2 in Conjurations
   315 | D:1      | Reached XP level 2. HP: 15/15 MP: 6/9
   855 | D:2      | Found a sparkling altar of Nemelex Xobeh.
   884 | D:2      | Found a sacrificial altar of Ru.
   974 | D:2      | Reached skill level 3 in Conjurations
  1065 | D:2      | Found an oddly glowing altar of Pakellas.
  1071 | D:2      | Found a shimmering altar of Xom.
  1185 | D:2      | Reached XP level 3. HP: 19/19 MP: 7/10
  1590 | D:2      | Reached skill level 4 in Conjurations
  1899 | D:3      | Learned a level 3 spell: Mephitic Cloud
  1899 | D:3      | Noticed Ijyb
  1910 | D:3      | Killed Ijyb
  1910 | D:3      | Reached XP level 4. HP: 21/24 MP: 9/12
  1972 | D:3      | Found an oddly glowing altar of Pakellas.
  2363 | D:4      | Reached skill level 5 in Conjurations
  2368 | D:3      | Slain by an orc

Vault maps used:
D:1:      scummos_arrival_simple_fountains, minmay_misc_feat_x, st_stairs_8,
          minivault_24, minmay_crystal_water, minmay_misc_feat_columns
D:2:      overflow_temple_1_default, grunt_temple_overflow_open, first_bread,
          nicolae_ru_awakened_eye
D:3:      grunt_pakellas_basics, uniq_iyjb
D:4:      grunt_dithmenos_shadows, ashenzari_altar_1, marbit_many_paths,
          gup_sewer_entry_pipe, trog_wizard

Skill      XL: |  1  2  3  4 |
---------------+-------------+-----
Conjurations   | 2 3 4 5 |  5.2
Dodging        | |  2.4
Stealth        | |  2.4
Spellcasting   | |  4.4
Summonings     | |  1.1
Translocations | |  1.1

Action                   |  1- 3 |  4- 6 || total
-------------------------+-------+-------++-------
Melee: Hand axe          |     4 |       ||     4
       Dagger            |     8 |       ||     8
 Cast: Magic Dart        |    79 |    18 ||    97
       Mephitic Cloud    |     1 |       ||     1
  Use: Scroll            |     2 |       ||     2
       Potion            |       |     1 ||     1
 Stab: Confused          |     2 |       ||     2
  Eat: Chunk             |     3 |     1 ||     4
Armor: Robe              |     3 |       ||     3
Dodge: Dodged            |    14 |     5 ||    19
